 Dungeon Crawl Stone Soup version 0.25.0-3-gd7cc5688da (webtiles) character file.

Game seed: 2423212010244865722

207 Esekla the Grave Robber (level 5, -4/45 HPs)
             Began as a Naga Necromancer on June 15, 2020.
             Slain by a mummy (19 damage)
             ... in an ossuary.
             The game lasted 00:20:36 (3089 turns).

Esekla the Grave Robber (Naga Necromancer)          Turns: 3089, Time: 00:20:36

Health: -4/45      AC:  2    Str: 10    XL:     5   Next: 85%
Magic:  9/9        EV: 10    Int: 23    God:
Gold:   126        SH:  0    Dex: 11    Spells: 5/9 levels left

rFire    . . .     SeeInvis +   j - +0 war axe
rCold    . . .     Gourm    .   (no shield)
rNeg     . . .     Faith    .   a - +0 robe
rPois    +         Spirit   .   (no helmet)
rElec    .         Reflect  .   (no cloak)
rCorr    .         Harm     .   (no gloves)
MR       .....                  (no barding)
Stlth    ++........             (no amulet)
HPRegen  0.15/turn              i - +6 ring of intelligence
MPRegen  0.11/turn              (no ring)

@: very slow
A: large, see invisible, deformed body, poison resistance, slowness 2, slow
metabolism 1, spit poison 1, AC +1
a: Spit Poison


You were in an ossuary.
You were not hungry.

You visited 1 branch of the dungeon, and saw 5 of its levels.
You also visited: Ossuary.

You collected 126 gold pieces.

Inventory:

Hand Weapons
 e - a +0 short sword
 j - a +0 war axe (weapon)
 k - the +2 hunting sling of Midwinter {freeze, rPois Int-3 SInv Stlth+}
   (You found it on level 5 of the Dungeon)

   It causes projectiles fired from it to freeze those they strike, causing
   extra injury to most foes and up to half again as much damage against
   particularly susceptible opponents.
   They can also slow down cold-blooded creatures.
   It affects your intelligence (-3).
   It protects you from poison.
   It lets you see invisible.
   It makes you more stealthy.
Armour
 a - a +0 robe (worn)
Jewellery
 i - a +6 ring of intelligence (left hand)
Scrolls
 b - 2 scrolls of blinking {unknown}
 d - 5 scrolls of identify
 f - a scroll of enchant armour {unknown}
 l - a scroll of teleportation {unknown}
Potions
 h - a potion of mutation
Comestibles
 c - 5 rations


   Skills:
 * Level 2.2 Fighting
 + Level 1.1 Short Blades
 + Level 2.4 Dodging
 + Level 4.1 Stealth
 * Level 2.7 Spellcasting
 + Level 4.9 Necromancy


You had 5 spell levels left.
You knew the following spells:

 Your Spells              Type           Power        Failure   Level  Hunger
a - Pain                  Necr           ####         1%          1    None
d - Vampiric Draining     Necr           ####......   4%          3    ###....

Your spell library contained the following spells:

 Spells                   Type           Power        Failure   Level  Hunger
 Animate Skeleton         Necr           N/A          1%          1    None
 Animate Dead             Necr           N/A          16%         4    ####...
 Agony                    Necr           ####....     41%         5    ######.


Dungeon Overview and Level Annotations

Branches:
Dungeon (6/15)            Ossuary (1/1)
 Temple: D:4-7

Altars:
Ru


Innate Abilities, Weirdness & Mutations

You cannot wear boots.
Your serpentine skin is tough. (AC +1)
You have supernaturally acute eyesight. (SInv)
Armour fits poorly on your strangely shaped body.
Your system is resistant to poisons. (rPois)
You cover ground very slowly.
You have a slow metabolism.
You can spit poison.


Message History

The rat zombie is almost destroyed.
You hit the kobold zombie. You hit the goblin zombie.
You destroy the goblin zombie!
The rat zombie barely misses you. The kobold zombie barely misses you.
You hit the mummy.
The mummy is moderately damaged.
You hit the rat zombie.
You destroy the rat zombie!
You hit the kobold zombie.
You destroy the kobold zombie!
The mummy hits you!
* * * LOW HITPOINT WARNING * * *
You feel better.
You hit the mummy.
The mummy is lightly damaged.
The mummy closely misses you.
You hit the mummy but do no damage.
The mummy is lightly damaged.
You barely miss the mummy. The mummy closely misses you. The mummy hits you!!
You die...

##+##
#...#
##..@##
#..MM.#
##..M##
#..Z#
##...##
#.....#
##...##
#...#
##...##


You could see 3 mummies and a goblin zombie.

Vanquished Creatures
  A crimson imp (D:6)
  Jessica (D:2)
  An orc wizard (D:2)
  A worker ant (D:6)
  3 adders
  2 worms (D:2)
  2 dart slugs (D:1)
  3 leopard geckos
  An orc (D:3)
  6 bats
  3 giant cockroaches
  8 goblins
  7 hobgoblins
  4 jackals
  A quokka (D:2)
  A ball python (D:2)
  2 frilled lizards
  2 goblin zombies (Ossuary)
  A hobgoblin zombie (Ossuary)
  2 kobolds
  A kobold zombie (Ossuary)
  7 rats
  A rat zombie (Ossuary)
61 creatures vanquished.

Notes
Turn   | Place    | Note
-------+----------+-------------------------------------------
     0 | D:1      | Esekla the Naga Necromancer began the quest for the Orb.
     0 | D:1      | Reached XP level 1. HP: 15/15 MP: 3/3
   552 | D:1      | Reached XP level 2. HP: 18/22 MP: 5/5
   926 | D:2      | Reached XP level 3. HP: 25/30 MP: 6/6
  1006 | D:2      | Found a sacrificial altar of Ru.
  1036 | D:2      | Learned a level 3 spell: Vampiric Draining
  1595 | D:2      | Reached skill level 1 in Fighting
  1717 | D:2      | Reached XP level 4. HP: 38/38 MP: 7/7
  1930 | D:2      | Noticed Jessica
  1951 | D:2      | Killed Jessica
  1951 | D:2      | Reached XP level 5. HP: 27/44 MP: 1/8
  2772 | D:3      | You fall into a shaft and drop 3 floors!
  2809 | D:6      | Reached skill level 1 in Short Blades
  3038 | D:5      | Entered Level 5 of the Dungeon
  3045 | D:5      | Got a crystal hunting sling
  3047 | D:5      | Found a sand-covered staircase.
  3054 | D:5      | Identified the +2 hunting sling of Midwinter {freeze, rPois
                  | Int-3 SInv Stlth+} (You found it on level 5 of the Dungeon)
  3057 | Ossuary  | Entered an ossuary
  3089 | Ossuary  | Slain by a mummy

Illustrated notes

Levels and vault maps discovered:
D:1:      sevenhm_arrival_forest_fort_small_6, layout_basic
D:2:      layout_basic, nicolae_ru_great_annihilating_truth, uniq_jessica
D:3:      gammafunk_steamed_eel, layout_loops_corners,
          ashenzari_conservatory_becter, marbit_many_paths, bloody_makhleb,
          grunt_temple_overflow_open, first_ration, trog_eyes_of_draining
D:5:      layout_gridville, chequers_ossuary_entry_cave,
          kennysheep_generic_room_12
D:6:      layout_gridville, grunt_ministairs_3
Ossuary:  ossuary_minmay_chase

Skill      XL: |  1  2  3  4  5 |
---------------+----------------+-----
Dodging        | 2 |  2.4
Fighting       | 1 2 |  2.2
Short Blades   | 1 |  1.1
Stealth        | 4 |  4.1
Spellcasting   | |  2.7
Necromancy     | |  4.9

Action                   |  1- 3 |  4- 6 || total
-------------------------+-------+-------++-------
Melee: Short sword       |    46 |    65 ||   111
       Unarmed           |     7 |       ||     7
       Dagger            |     4 |       ||     4
       War axe           |       |    11 ||    11
 Cast: Pain              |     2 |       ||     2
       Vampiric Draining |     1 |     6 ||     7
 Abil: Spit Poison       |    31 |    14 ||    45
  Use: Scroll            |       |     3 ||     3
       Potion            |       |     1 ||     1
 Stab: Sleeping          |     4 |     1 ||     5
       Paralysed         |       |     1 ||     1
  Eat: Chunk             |     3 |     5 ||     8
Armor: Robe              |    12 |    19 ||    31
Dodge: Dodged            |    44 |    51 ||    95
